 Dungeon Crawl Stone Soup version 0.24.0-123-gd5b16e6ec5 (webtiles) character file.

Game seed: 11502429067590121545, levelgen mode: deterministic

10586 Lemonice the Fighter (level 11, 0/99 HPs)
             Began as a Red Draconian Skald on Feb 11, 2020.
             Was a Believer of Vehumet.
             Splashed by a brown ugly thing's acid (9 damage)
             ... on level 10 of the Dungeon.
             The game lasted 00:46:36 (13017 turns).

Lemonice the Fighter (Red Draconian Skald)         Turns: 13017, Time: 00:46:36

Health: 0/99       AC:  2    Str: 15    XL:     11   Next: 38%
Magic:  14/20      EV: 16    Int: 15    God:    Vehumet [**....]
Gold:   1197       SH:  0    Dex: 11    Spells: 10/23 levels left

rFire    + . .     SeeInvis .   j - +1 scythe (slice)
rCold    . . .     Gourm    .   (shield currently unavailable)
rNeg     . . .     Faith    .   (armour unavailable)
rPois    .         Spirit   .   (helmet restricted)
rElec    .         Reflect  .   (no cloak)
rCorr    .         Harm     .   p - +0 pair of gloves
MR       .....                  (no boots)
Stlth    +.........             (no amulet)
HPRegen  0.26/turn              n - +2 ring of protection
MPRegen  0.17/turn              (no ring)

@: infused, corroded
A: breathe fire, unfitting armour, fire resistance 1, cold-blooded, AC +7
a: Breathe Fire, Renounce Religion


You were on level 10 of the Dungeon.
You worshipped Vehumet.
Vehumet was pleased with you.
You were hungry.

You visited 2 branches of the dungeon, and saw 11 of its levels.

You collected 1197 gold pieces.

Inventory:

Hand Weapons
 a - a +0 spear
 j - a +1 scythe of slicing (weapon)
 A - a +0 trident
Armour
 i - a +0 robe
 m - a +2 helmet
 p - a +0 pair of gloves (worn)
 E - a scarf of repulsion
 J - a +1 buckler of positive energy
Magical Staves
 H - an uncursed staff of conjuration {unknown}
 I - an uncursed staff of air {unknown}
Jewellery
 n - a +2 ring of protection (left hand)
 y - an uncursed ring of fire
Wands
 b - a wand of random effects (25)
 l - a wand of acid (1)
 o - a wand of flame (47)
 F - a wand of polymorph (10)
Scrolls
 d - 12 scrolls of remove curse
 f - a scroll of noise {unknown}
 h - a scroll of immolation {unknown}
 k - a scroll of magic mapping
 t - 3 scrolls of identify
 u - a scroll of fear {unknown}
 w - 2 scrolls of teleportation
 z - a scroll of brand weapon {unknown}
 D - a scroll of silence {unknown}
Potions
 e - a potion of agility
 g - 4 potions of cancellation
 q - 7 potions of curing {unknown}
 r - 2 potions of magic
 v - a potion of resistance {unknown}
 x - a potion of might
 B - a potion of berserk rage {unknown}
 C - a potion of brilliance {unknown}
 G - a potion of degeneration {unknown}
Comestibles
 c - 11 rations
 s - 13 chunks of flesh


   Skills:
 + Level 9.8 Fighting
 + Level 8.9 Polearms
 + Level 8.3 Dodging
 - Level 6.6 Spellcasting
 * Level 2.1 Conjurations
 - Level 7.0 Charms


You had 10 spell levels left.
You knew the following spells:

 Your Spells              Type           Power        Failure   Level  Hunger
a - Infusion              Chrm           ####         1%          1    None
b - Regeneration          Chrm/Necr      ###.......   10%         3    ##.....
c - Spectral Weapon       Hex/Chrm       ###.....     10%         3    ##.....
d - Song of Slaying       Chrm           ####....     1%          2    #......
e - Shroud of Golubria    Chrm/Tloc      ###...       4%          2    #......
f - Searing Ray           Conj           ##....       9%          2    #......

Your spell library contained the following spells:

 Spells                   Type           Power        Failure   Level  Hunger
 Inner Flame              Hex/Fire       #.......     38%         3    ##.....
 Summon Small Mammal      Summ           #...         14%         1    None
 Call Imp                 Summ           #.......     22%         2    #......
 Call Canine Familiar     Summ           #.......     38%         3    ##.....
 Summon Guardian Golem    Hex/Summ       #.......     38%         3    ##.....
 Summon Ice Beast         Ice/Summ       #.......     80%         4    ####...
 Summon Lightning Spire   Summ/Air       #.......     80%         4    ####...


Dungeon Overview and Level Annotations

Branches:
Dungeon (10/15)            Temple (1/1) D:7            Lair (0/6) D:10
    Orc: D:9-12

Altars:
Ashenzari
Cheibriados
Dithmenos
Elyvilon
Fedhas
Gozag
Hepliaklqana
Kikubaaqudgha
Makhleb
Nemelex Xobeh
Okawaru
Qazlal
Ru
Sif Muna
Trog
Uskayaw
Vehumet
Wu Jian
Xom
Yredelemnul
Zin
The Shining One
Beogh

Annotations:
D:9 3 runed translucent doors, H0rd4k's ghost, novice HuAr


Innate Abilities, Weirdness & Mutations

You can breathe blasts of fire.
Your fiery red scales are hard. (AC +7)
You cannot fit into any form of body armour.
Your flesh is heat resistant. (rF+)
You are cold-blooded and may be slowed by cold attacks.


Message History

You begin infusing your attacks with magical energy.
The brown ugly thing tentacle-slaps you.
The acid corrodes you!
You are splashed with acid!
Casting: Infusion (safe; 1% risk of failure)
Confirm with . or Enter, or press ? or * to list all spells.
You draw out your weapon's spirit!
The brown ugly thing tentacle-slaps you.
The acid corrodes you!
You are splashed with acid!
You hit the brown ugly thing!
The brown ugly thing is heavily wounded.
You have got your breath back.
Your spectral weapon misses the brown ugly thing.
The brown ugly thing tentacle-slaps you!
* * * LOW HITPOINT WARNING * * *
The acid corrodes you!
You are splashed with acid!
* * * LOW HITPOINT WARNING * * *
The brown ugly thing tentacle-slaps you!
* * * LOW HITPOINT WARNING * * *
You are splashed with acid!
You die...

.##).)###8.8##.....!.)....# #
....(.....................#######
.##...###8.8##.............##.#.#
#(#.#(##(..##.##..........##....
###.#####.###.##......<.........
. .(..#.....#.####............##
.#.###.#..#(.#.###...............
...#.)....##)))#..........o.....#
.#.###.#.##..#((@u.)..(...Dc#....
#...).#.....#.(............#....
###÷#####.###....[........#...##
#.....#.....#...........<.##..#.
.##.##.#.#####............§##..#.
8C## ##.................#§§.[....
#.##.##.#####........[(#.<.>....
.....#.....#..........[((......
####.#####.###(.....÷..).......##


You could see a brown ugly thing and a friendly spectral +1 scythe of slicing.

Vanquished Creatures
  Pikel (D:5)
  2 manticores (D:10)
  A cyclops (D:10)
  An oklob plant (D:8)
  A deep elf mage (D:10)
  Psyche (D:9)
  A gargoyle (D:10)
  An efreet (D:10)
  A hornet (D:9)
  Prince Ribbit (D:8)
  A hippogriff (D:5)
  Sigmund (D:2)
  Eustachio (D:5)
  A steam dragon (D:10)
  A hungry ghost (D:7)
  A wyvern (D:7)
  A water moccasin (D:7)
  Duvessa (D:5)
  3 ice beasts
  7 orc warriors
  2 sky beasts
  A black bear (D:10)
  2 phantoms (D:6)
  3 ogres
  7 centaurs
  A crocodile (D:10)
  3 big kobolds
  6 bullfrogs
  A gnoll sergeant (D:10)
  Dowan (D:5)
  2 scorpions (D:9)
  A water moccasin zombie (D:6)
  8 killer bees
  6 wights
  7 howler monkeys
  3 crimson imps
  A bullfrog zombie (D:5)
  4 hounds
  3 centaur zombies
  A jelly (D:7)
  10 orc priests
  A bullfrog skeleton (D:6)
  6 orc wizards
  2 iguanas (D:5)
  7 worker ants
  2 worker ant zombies
  9 adders
  5 gnolls
  2 shadow imps
  4 oozes
  2 adder skeletons
  2 worms (D:2)
  3 dart slugs
  7 leopard geckos
  28 orcs
  7 giant cockroaches
  11 goblins
  16 hobgoblins
  12 jackals
  21 kobolds
  7 quokkas
  2 ball pythons
  7 bats
  3 frilled lizards
  A leopard gecko zombie (D:7)
  2 quokka skeletons
  7 rats
278 creatures vanquished.

Vanquished Creatures (others)
  3 slaves (D:5)
  A phantom (D:5)
  A scorpion (D:5)
  A jelly (D:10)
  A centaur skeleton (D:10)
  A worker ant (D:5)
  A gnoll (D:5)
  3 spectral weapons
12 creatures vanquished.

Grand Total: 290 creatures vanquished

Notes
Turn   | Place    | Note
-------+----------+-------------------------------------------
     0 | D:1      | Lemonice the Draconian Skald began the quest for the Orb.
     0 | D:1      | Reached XP level 1. HP: 17/17 MP: 3/3
   145 | D:1      | Reached XP level 2. HP: 22/25 MP: 5/5
   452 | D:1      | Reached XP level 3. HP: 30/30 MP: 6/6
  1767 | D:2      | Reached XP level 4. HP: 13/37 MP: 7/7
  2189 | D:2      | Reached skill level 3 in Fighting
  2315 | D:2      | Noticed Sigmund
  2324 | D:2      | Learned a level 3 spell: Regeneration
  2328 | D:2      | Learned a level 3 spell: Spectral Weapon
  2392 | D:2      | Killed Sigmund
  2392 | D:2      | Reached XP level 5. HP: 14/45 MP: 0/9
  2827 | D:3      | Reached XP level 6. HP: 52/52 MP: 10/10
  2829 | D:3      | Noticed a +0 dagger
  2829 | D:3      | Noticed a +0 hand axe
  3186 | D:3      | Found a hide-covered altar of Uskayaw.
  3471 | D:3      | You fall into a shaft and drop 3 floors!
  3553 | D:6      | Reached skill level 4 in Fighting
  3585 | D:6      | Learned a level 2 spell: Song of Slaying
  3588 | D:6      | Learned a level 2 spell: Shroud of Golubria
  3644 | D:6      | Your scales start taking on a fiery red colour.
  3644 | D:6      | Reached XP level 7. HP: 35/59 MP: 6/12
  3644 | D:6      | Gained mutation: Your flesh is heat resistant. (rF+) [Red
                  | Draconian growth]
  4232 | D:5      | Entered Level 5 of the Dungeon
  4246 | D:5      | Noticed a hippogriff
  4312 | D:5      | Noticed Eustachio
  4418 | D:5      | Noticed Pikel
  4434 | D:5      | Killed Pikel
  4434 | D:5      | Reached skill level 5 in Fighting
  4434 | D:5      | Reached XP level 8. HP: 10/68 MP: 9/14
  4616 | D:5      | Noticed Dowan
  4620 | D:5      | Noticed Duvessa
  4638 | D:5      | Killed Duvessa
  4638 | D:5      | Reached skill level 5 in Charms
  4640 | D:5      | Killed Dowan
  4655 | D:5      | Reached skill level 5 in Polearms
  4683 | D:5      | Killed Eustachio
  4866 | D:5      | Killed a hippogriff
  4866 | D:5      | Reached skill level 6 in Fighting
  4866 | D:5      | Reached skill level 5 in Dodging
  4866 | D:5      | Reached skill level 5 in Spellcasting
  5029 | D:5      | Found an iron altar of Okawaru.
  5094 | D:5      | Found a basalt altar of Yredelemnul.
  5459 | D:4      | Reached XP level 9. HP: 75/75 MP: 16/16
  5694 | D:4      | Found an iron altar of Okawaru.
  6003 | D:4      | Found a glowing silver altar of Zin.
  6003 | D:4      | Found a glowing golden altar of the Shining One.
  6003 | D:4      | Found a white marble altar of Elyvilon.
  6118 | D:3      | Found a stormy altar of Qazlal.
  6565 | D:6      | Found a snail-covered altar of Cheibriados.
  7291 | D:7      | Found a staircase to the Ecumenical Temple.
  7312 | D:7      | Reached skill level 7 in Fighting
  7403 | Temple   | Entered the Ecumenical Temple
  7432 | Temple   | Became a worshipper of Vehumet
  7892 | D:7      | Reached XP level 10. HP: 67/86 MP: 15/19
  9137 | D:8      | Found a hazy altar of Hepliaklqana.
  9142 | D:8      | Reached * piety under Vehumet
  9142 | D:8      | Offered knowledge of Freeze by Vehumet.
  9152 | D:8      | Noticed Prince Ribbit
  9174 | D:8      | Killed Prince Ribbit
  9236 | D:8      | Found a shattered altar of Ashenzari.
  9352 | D:8      | Found a sparkling altar of Nemelex Xobeh.
  9352 | D:8      | Noticed an oklob plant
  9435 | D:8      | Killed an oklob plant
  9744 | D:9      | Found an ancient bone altar of Kikubaaqudgha.
  9777 | D:9      | Noticed Psyche
  9786 | D:9      | Killed Psyche
  9786 | D:9      | Reached skill level 8 in Fighting
  9815 | D:9      | Found a shadowy altar of Dithmenos.
 10136 | D:9      | Found a runed translucent gate.
 10137 | D:9      | Noticed H0rd4k's ghost (novice HuAr)
 10137 | D:9      | Found a runed translucent gate.
 10138 | D:9      | Found a runed translucent gate.
 10144 | D:9      | Found a roughly hewn altar of Beogh.
 10344 | D:10     | Entered Level 10 of the Dungeon
 11681 | D:10     | Found a staircase to the Lair.
 11840 | D:10     | Noticed a gargoyle
 12103 | D:10     | Reached skill level 9 in Fighting
 12129 | D:10     | Noticed a cyclops
 12134 | D:10     | Noticed a manticore
 12150 | D:10     | Killed a manticore
 12150 | D:10     | Reached XP level 11. HP: 41/97 MP: 17/20
 12822 | D:10     | Reached ** piety under Vehumet
 12822 | D:10     | Offered knowledge of Searing Ray by Vehumet.
 12828 | D:10     | Learned a level 2 spell: Searing Ray
 12926 | D:10     | Reached skill level 1 in Conjurations
 12967 | D:10     | Noticed a deep elf mage
 12983 | D:10     | Killed a deep elf mage
 13011 | D:10     | Noticed a brown ugly thing
 13014 | D:10     | Offered knowledge of Inner Flame by Vehumet.
 13017 | D:10     | Splashed by a brown ugly thing's acid

Levels and vault maps discovered:
D:1:      dpeg_arrival_windows_large_door, layout_basic, moated_statue,
          lemuel_another_geyser
D:2:      layout_loops_cross, hangedman_decor_riveting, uniq_sigmund
D:3:      layout_loops_ring, marbit_many_paths, dancing_weapons_uskayaw
D:4:      layout_loops_ring, good_gods_mini_temple,
          lemuel_coloured_pillars_altar, nicolae_underground_beach
D:5:      layout_loops_corners, lemuel_crystal_altar, gup_sewer_entry_pipe,
          first_ration, kennysheep_okawaru_gauntlet, uniq_duvessa,
          uniq_eustachio, uniq_pikel
D:6:      layout_gridville, kennysheep_little_box
D:7:      layout_loops_ring, minmay_temple_entry_antechambers,
          serial_co_window_serial, co_window_paths_a, co_window_corner_a,
          co_window_paths_a, co_window_of_opportunity_a, co_window_corner_a,
          co_window_of_opportunity_a, co_window_paths_c, co_window_2corner,
          co_window_cross_3, co_window_broadway_c, co_window_unsneaky_path_a,
          co_window_broadway_c, glass_columns_c, glass_columns_a,
          glass_columns_b, glass_columns_b, glass_columns_a
D:8:      layout_loops_ring, old_standard_altar, nicolae_overflow_crystal_walls,
          lemuel_oklob_altar, uniq_prince_ribbit1
D:9:      layout_rooms, nicolae_dithmenos_shadow_blocks,
          overflow_temple_1_default, biasface_ghost_orc_armoury, uniq_psyche
D:10:     minmay_the_grid_square_5x5_4x4 [minmay_the_grid_square_5x5_percent,
          minmay_the_grid_square_5x5_forky,
          minmay_the_grid_square_5x5_inverted_slash,
          minmay_the_grid_square_5x5_inner_z,
          minmay_the_grid_square_5x5_doubleslash,
          minmay_the_grid_square_5x5_prize_gold,
          minmay_the_grid_square_5x5_prize_pseudospiral,
          minmay_the_grid_square_5x5_checkered_statues,
          minmay_the_grid_square_5x5_tri_point,
          minmay_the_grid_square_5x5_prize_itemx,
          minmay_the_grid_square_5x5_prize_deathbox,
          minmay_the_grid_square_5x5_z, minmay_the_grid_square_5x5_plus,
          minmay_the_grid_square_5x5_fancy_junction,
          minmay_the_grid_square_5x5_pentomino_r,
          minmay_the_grid_square_5x5_three], layout_cave_pools,
          lair_entry_dummy, hangedman_pestilent_swarm
Temple:   chequers_temple_sunken

Skill      XL: |  1  2  3  4  5  6  7  8  9 10 11 |
---------------+----------------------------------+-----
Charms         | 3 4 5 6 7 |  7.0
Fighting       | 3 4 5 6 7 9 |  9.8
Polearms       | 3 4 5 6 8 |  8.9
Dodging        | 3 4 5 6 7 8 |  8.3
Spellcasting   | 3 4 5 6 |  6.6
Conjurations   | 2 |  2.1

Action                   |  1- 3 |  4- 6 |  7- 9 | 10-12 || total
-------------------------+-------+-------+-------+-------++-------
Melee: Spear             |   214 |    95 |       |       ||   309
       Tailslap          |     9 |    15 |    25 |    28 ||    77
       Scythe            |       |    69 |   313 |   290 ||   672
 Cast: Infusion          |       |     6 |    15 |    23 ||    44
       Spectral Weapon   |       |     1 |     6 |    10 ||    17
       Regeneration      |       |     1 |    12 |    12 ||    25
       Song of Slaying   |       |       |     1 |     1 ||     2
 Abil: Breathe Fire      |       |       |    25 |    37 ||    62
  Use: Scroll            |       |       |     8 |     2 ||    10
       Potion            |       |       |       |     2 ||     2
 Stab: Sleeping          |     1 |       |     2 |       ||     3
       Distracted        |       |     1 |       |     1 ||     2
  Eat: Chunk             |     3 |     6 |    17 |    18 ||    44
       Ration            |       |       |     3 |     2 ||     5
Armor: Skin              |    44 |    48 |   165 |   139 ||   396
Dodge: Dodged            |    96 |    99 |   359 |   394 ||   948
